AoeStats
← javierazanza90

Arena

506421608Analyzed
3v3 RM · 17d ago on Sep 13, 2026· 47m 34s· 6 players
Game mode
Random Map
Map size
Normal (6 player)
Population
200
Speed
Normal
Resources
Standard
Victory
Conquest
Starting age
Dark Age
Ending age
Imperial Age
RankedLock teamsTeams togetherTeam positionsShared explorationLock speedFull tech treeHidden civsTurbo modeCheats
Victory
Defeat
🇨🇳 Magyars · China
657
+12
🇨🇳 Goths · China
633
+13
🇨🇳 Teutons · China
549
+18
🇪🇸 Wei · Spain
600
-15
🇪🇸 Goths · Spain
563
-14
🇪🇸 Chinese · Spain
558
-14
javierazanza90
0:31 Loom
12:47 Feudal Age
13:16 Double-Bit Axe
13:56 Horse Collar
14:29 Gold Mining
16:45 Man-at-Arms
17:40 Forging
17:30 Scale Mail Armor
18:18 Stone Mining
23:26 Castle Age
24:28 Heavy Plow
26:56 Long Swordsman
26:57 Pikeman
27:38 Squires
32:23 Iron Casting
32:04 Chain Mail Armor
32:04 Bow Saw
33:06 Wheelbarrow
33:12 Anarchy
37:34 Imperial Age
35:22 Hand Cart
36:07 Caravan
38:12 Halberdier
39:10 Perfusion
38:57 Two-Handed Swordsman
41:01 Two-Man Saw
42:24 Champion
Daniel_AoE
2:37 Loom
11:04 Feudal Age
12:48 Double-Bit Axe
20:11 Castle Age
19:03 Stone Mining
20:59 Forging
21:28 Bloodlines
21:23 Husbandry
25:39 Wheelbarrow
28:19 Hand Cart
29:18 Ballistics
28:58 Murder Holes
28:50 Horse Collar
39:11 Tuntian
41:31 Gold Mining
42:21 Stone Shaft Mining
47:19 Iron Casting
lursua91
1:39 Loom
14:10 Feudal Age
15:22 Horse Collar
15:44 Double-Bit Axe
19:31 Gold Mining
19:58 Fletching
21:35 Padded Archer Armor
28:15 Castle Age
27:09 Stone Mining
30:15 Bow Saw
30:11 Heavy Plow
30:20 Thumb Ring
29:35 Crossbowman
31:57 Town Watch
32:41 Leather Archer Armor
32:22 Elite Skirmisher
35:28 Elite Skirmisher
39:07 Imperial Age
37:30 Wheelbarrow
38:39 Great Wall
39:00 Bodkin Arrow
39:47 Hand Cart
39:32 Town Patrol
41:04 Arbalester
44:17 Sappers
45:09 Conscription
45:14 Murder Holes
45:32 Masonry
45:14 Heated Shot
45:34 Fortified Wall
45:15 Guard Tower
45:46 Ballistics
46:27 Chemistry
45:12 Arrowslits
47:02 Stone Shaft Mining
47:03 Gold Shaft Mining
Boží bojovníci
12:04 Feudal Age
16:03 Castle Age
14:01 Double-Bit Axe
14:25 Horse Collar
16:35 Man-at-Arms
23:04 Bow Saw
30:09 Wheelbarrow
29:20 Loom
29:21 Town Watch
32:43 Imperial Age
30:52 Corvinian Army
32:47 Caravan
33:55 Conscription
33:51 Elite Magyar Huszar
34:38 Fletching
34:49 Scale Mail Armor
36:59 Chain Mail Armor
36:52 Scale Barding Armor
36:43 Bodkin Arrow
36:49 Padded Archer Armor
38:38 Two-Man Saw
37:42 Heavy Cavalry Archer
38:48 Parthian Tactics
39:27 Thumb Ring
39:57 Recurve Bow
40:09 Bracer
40:30 Chain Barding Armor
42:09 Ballistics
42:50 Chemistry
42:10 Leather Archer Armor
42:32 Plate Barding Armor
42:42 Siege Engineers
44:09 Coinage
no[o]ne-
11:48 Feudal Age
16:02 Castle Age
13:55 Double-Bit Axe
14:44 Horse Collar
17:09 Bow Saw
26:48 Wheelbarrow
25:59 Loom
28:17 Hand Cart
27:47 Town Watch
29:54 Forging
29:44 Scale Mail Armor
29:09 Man-at-Arms
29:50 Squires
30:06 Long Swordsman
33:16 Heavy Plow
36:32 Iron Casting
40:13 Imperial Age
38:40 Town Patrol
39:37 Chain Mail Armor
42:06 Blast Furnace
40:30 Two-Handed Swordsman
41:12 Champion
42:10 Perfusion
elessar
4:18 Loom
14:15 Feudal Age
19:15 Double-Bit Axe
19:15 Horse Collar
24:15 Castle Age
23:06 Gold Mining
23:09 Stone Mining
25:10 Bow Saw
25:03 Heavy Plow
31:50 Wheelbarrow
31:01 Town Watch
33:31 Stone Shaft Mining
39:15 Imperial Age
37:04 Hand Cart
37:05 Town Patrol
38:13 Masonry
40:15 Fortified Wall
40:01 Guard Tower
40:01 Arrowslits
41:19 Chemistry
41:55 Crop Rotation
45:01 Hoardings
43:48 Elite Teutonic Knight
44:49 Conscription
44:56 Ironclad
48:05 Keep
Connection lost

Rejoining the realm…

Still unreachable

The connection could not be restored.

Session expired

The server has moved on; the page needs a fresh start.